 Dungeon Crawl Stone Soup version 0.27-a0-1565-gad902ab807 (webtiles) character file.

Game seed: 13423411999297858209

74942 wakim the Covert (level 15, -25/77 HPs)
             Began as a Vine Stalker Brigand on July 16, 2021.
             Was a Believer of Uskayaw.
             Annihilated by a death yak simulacrum (30 damage)
             ... in an ice cave on July 17, 2021.
             The game lasted 01:16:51 (20107 turns).

wakim the Covert (Vine Stalker Brigand)            Turns: 20107, Time: 01:16:52

Health: -25/77     AC: 14    Str: 14    XL:     15   Next: 48%
Magic:  0/33       EV: 20    Int: 11    God:    Uskayaw [**....]
Gold:   2857       SH:  7    Dex: 22    Spells: 14/14 levels left

rFire    . . .     SeeInvis .   b - +3 rapier (speed)
rCold    . . .     Faith    +   f - +0 buckler
rNeg     . . .     Spirit   +   r - +2 robe of Vines {NoPotionHeal Regen+++}
rPois    .         Reflect  .   d - +0 helmet
rElec    .         Harm     .   P - +1 cloak
rCorr    .         Rampage  .   q - +0 pair of gloves
Will     +....                  h - +0 pair of boots
Stlth    ++++++....             p - amulet of faith
HPRegen  4.22/turn              S - +4 ring of protection
MPRegen  0.23/turn              k - ring of magical power

@: invisible
A: fangs 3, regeneration 1, magic shield, antimagic bite, no potion heal 2
a: Renounce Religion, Stomp, Line Pass


You were in an ice cave.
You worshipped Uskayaw.
Uskayaw was aware of your devotion.
You visited 4 branches of the dungeon, and saw 19 of its levels.
You also visited: Sewer, Bailey, Ice Cave and Volcano.

You collected 2857 gold pieces.

Inventory:

Hand Weapons
 a - the +7 dagger "Fixzocy" {drain, Fly Str-3 Dex+4}
   (You found it in a sewer)

   A truly terrible weapon, it drains the life of any living foe it strikes.
   Str:       It affects your strength (-3).
   Dex:       It affects your dexterity (+4).
   Fly:       It grants you flight.
 b - a +3 rapier of speed (weapon)
 o - a +1 vampiric dagger
Missiles
 e - 8 curare-tipped darts {=f}
 g - 31 poisoned darts
 m - 71 boomerangs (quivered)
 n - 3 throwing nets {=f!f}
 G - 7 javelins
Armour
 d - a +0 helmet (worn)
 f - a +0 buckler (worn)
 h - a +0 pair of boots (worn)
 j - +0 acid dragon scales
 l - a +2 tower shield
 q - a +0 pair of gloves (worn)
 r - the +2 robe of Vines (worn) {NoPotionHeal Regen+++}
   (You found it on level 6 of the Lair of Beasts)

   Its wearer cannot be healed by potions.
   Regen:     It increases your rate of health regeneration.
 s - a +4 ring mail of poison resistance
 P - a +1 cloak (worn)
Jewellery
 i - a ring of flight
 k - a ring of magical power (right hand)
 p - an amulet of faith (around neck)
 w - a ring of poison resistance
 z - an amulet of reflection
 S - a +4 ring of protection (left hand)
Wands
 t - a wand of digging (13)
 u - a wand of mindburst (13)
 v - a wand of flame (21)
 x - a wand of iceblast (13)
 y - a wand of paralysis (9)
Scrolls
 c - 3 scrolls of enchant weapon
 D - 3 scrolls of brand weapon
 J - a scroll of fog {unknown}
 Q - a scroll of immolation {!r!r}
 R - 2 scrolls of magic mapping {!r}
 T - 5 scrolls of teleportation
 U - a scroll of fear {unknown}
 Y - 3 scrolls of blinking {!r}
Potions
 A - 3 potions of ambrosia
 B - 4 potions of attraction {!q}
 C - 2 potions of berserk rage {!q}
 E - 5 potions of cancellation
 F - 9 potions of curing
 H - 8 potions of haste
 I - a potion of invisibility
 K - 2 potions of magic
 L - 5 potions of lignification {!q}
 M - a potion of mutation {!q}
 N - 3 potions of might
 O - 2 potions of resistance


   Skills:
 - Level 8.0 Fighting
 * Level 10.8 Short Blades
 + Level 8.2 Throwing
 - Level 6.0 Armour
 * Level 10.5 Dodging
 * Level 12.7 Stealth
 + Level 6.7 Shields
 * Level 11.3 Invocations


You had 14 spell levels left.
You didn't know any spells.
Your spell library contained the following spells:

 Spells                   Type           Power      Damage    Failure   Level
 Apportation              Tloc           0%         N/A       34%         1
 Summon Small Mammal      Summ           0%         N/A       34%         1
 Passwall                 Tmut/Erth      0%         N/A       47%         2
 Call Canine Familiar     Summ           0%         N/A       71%         3
 Gell's Gravitas          Tloc           0%         N/A       71%         3
 Lesser Beckoning         Tloc           0%         N/A       71%         3
 Portal Projectile        Hex/Tloc       0%         N/A       71%         3
 Stone Arrow              Conj/Erth      0%         3d7       71%         3
 Summon Guardian Golem    Hex/Summ       0%         N/A       71%         3
 Swiftness                Air            0%         N/A       71%         3
 Teleport Other           Tloc           0%         N/A       71%         3
 Tukima's Dance           Hex            0%         N/A       71%         3
 Animate Armour           Summ/Erth      0%         N/A       98%         4
 Animate Dead             Necr           0%         N/A       98%         4
 Cause Fear               Hex            0%         N/A       98%         4
 Leda's Liquefaction      Hex/Erth       0%         N/A       98%         4
 Passage of Golubria      Tloc           N/A        N/A       98%         4
 Alistair's Intoxication  Tmut/Pois      0%         N/A       100%        5
 Blade Hands              Tmut           0%         N/A       100%        5
 Excruciating Wounds      Necr           0%         N/A       100%        5
 Silence                  Hex/Air        0%         N/A       100%        5
 Summon Forest            Summ/Tloc      0%         N/A       100%        5
 Yara's Violent Unravell  Hex/Tmut       0%         3d3       100%        5
 Dispersal                Tloc           0%         N/A       100%        6
 Eringya's Noxious Bog    Tmut/Pois      0%         N/A       100%        6
 Invisibility             Hex            0%         N/A       100%        6
 Dragon Form              Tmut           0%         N/A       100%        7
 Haunt                    Necr/Summ      0%         N/A       100%        7
 Summon Hydra             Summ           0%         N/A       100%        7
 Infestation              Necr           0%         N/A       100%        8
 Lehudib's Crystal Spear  Conj/Erth      0%         10d2      100%        8
 Dragon's Call            Summ           0%         N/A       100%        9


Dungeon Overview and Level Annotations

Branches:
Dungeon (11/15)            Temple (1/1) D:4            Lair (6/6) D:10
 Shoals (0/4) Lair:2       Spider (0/4) Lair:4        Slime (0/5) Lair:6
    Orc (1/2) D:10          Sewer (visited)          Bailey (visited)
  IceCv (1/1)             Volcano (visited)

Altars:
Ashenzari
Cheibriados
Dithmenos
Elyvilon
Fedhas
Gozag
Hepliaklqana
Kikubaaqudgha
Makhleb
Nemelex Xobeh
Qazlal
Ru
Sif Muna
Uskayaw
Vehumet
Wu Jian
Xom
Yredelemnul
Zin
The Shining One
Beogh
Jiyva
Lugonu

Shops:
D:2 !   D:4 !   D:5 ?   D:6 :

Annotations:
D:2 Terence
Lair:6 1 runed translucent door


Innate Abilities, Weirdness & Mutations

You have razor-sharp teeth.
Your natural rate of healing is unusually fast.
When hurt, damage is shared between your health and your magic reserves.
Your bite disrupts and absorbs the magic of your enemies.
Potions cannot restore your health.


Message History

The wolf simulacrum barely misses you.
Aiming: Line Pass
Press: ? - help, Dir - move target The death yak simulacrum appears confused.
The elephant simulacrum appears confused.
The death yak simulacrum completely misses you.
The wolf simulacrum barely misses you.
You hit the elephant simulacrum. You bite the elephant simulacrum.
You drain its power.
You feel invigorated.
The elephant simulacrum is lightly damaged.
The elephant simulacrum tramples the wolf simulacrum.
The elephant simulacrum freezes the wolf simulacrum.
The wolf simulacrum completely resists.
The elephant simulacrum trunk-slaps the wolf simulacrum.
The elephant simulacrum freezes the wolf simulacrum.
The wolf simulacrum completely resists.
The death yak simulacrum gores the elephant simulacrum!
The death yak simulacrum freezes the elephant simulacrum.
The elephant simulacrum completely resists.
The death yak simulacrum gores you!
* * * LOW HITPOINT WARNING * * *
The death yak simulacrum freezes you!!
* * * LOW HITPOINT WARNING * * *
You hit the elephant simulacrum but do no damage.
You bite the elephant simulacrum. You drain its power.
You feel invigorated.
The elephant simulacrum is severely damaged.
The wolf simulacrum bites you!
* * * LOW HITPOINT WARNING * * *
The wolf simulacrum freezes you.
* * * LOW HITPOINT WARNING * * *
You fade into invisibility!
The death yak simulacrum seems less confused.
The elephant simulacrum seems less confused.
The wolf simulacrum closely misses you.
The elephant simulacrum tramples you but does no damage.
The elephant simulacrum barely misses you.
The death yak simulacrum gores you.
* * * LOW HITPOINT WARNING * * *
The death yak simulacrum freezes you!!
You die...

#### ### ##..##
##..# ###....##
#....##.......#
#..@ZZ..∩.∩.#
##.ZZ.......#
##..##....##
######..## ####


You could see a wolf simulacrum, 2 death yak simulacra and an elephant
simulacrum.

Vanquished Creatures
  Kirke (Lair:4)
  The ghost of Pomol the Cleaver, a journeyman DDFi of Okawaru (Lair:4)
  Snorg (D:10)
  9 hydras
  An ogre mage (Volcano)
  A boulder beetle (Lair:6)
  Harold (D:7)
  3 catoblepae (Lair:6)
  6 death yaks (Lair:6)
  8 two-headed ogres
  A hell knight (Volcano)
  Sonja (Lair:4)
  A fire crab (Lair:2)
  3 skeletal warriors (D:11)
  An orc knight (Bailey)
  2 oklob plants (Lair:6)
  A cyclops (D:8)
  2 manticores (Lair:6)
  20 elephants
  7 black mambas
  11 cane toads
  2 torpor snails (Lair:6)
  A gargoyle (D:11)
  2 rime drakes
  Maggie (D:8)
  9 komodo dragons
  2 ice devils (D:11)
  A queen bee (Lair:5)
  3 meliai (Lair:5)
  2 polar bears
  2 trolls
  A slime creature (D:8)
  22 blink frogs
  A snapping turtle (Lair:2)
  A wraith (D:10)
  A shadow (D:10)
  16 wyverns
  4 basilisks
  3 fire bats (Lair:3)
  A steam dragon (D:9)
  75 yaks
  An acid dragon (D:8)
  23 water moccasins
  A sky beast (D:6)
  8 orc warriors
  An ice beast (D:8)
  4 necrophages
  9 wolves
  4 centaurs
  A phantom (D:5)
  4 kobold brigands
  15 bullfrogs
  A wyvern zombie (D:8)
  A water moccasin zombie (D:6)
  40 killer bees
  15 wights
  6 howler monkeys
  2 bullfrog zombies
  5 centaur zombies
  3 hounds (D:5)
  A human zombie (D:6)
  5 orc priests
  2 bullfrog skeletons
  4 iguanas
  4 orc wizards
  A hell rat (Lair:5)
  2 killer bee zombies (D:8)
  A hound skeleton (D:5)
  2 mummies (D:6)
  2 howler monkey zombies
  3 gnolls (Bailey)
  10 adders
  A shadow imp (D:7)
  A white imp (D:8)
  An adder skeleton (D:4)
  2 worms
  3 dart slugs
  44 orcs
  7 bats
  15 endoplasms
  4 giant cockroaches
  10 goblins
  8 hobgoblins
  8 jackals
  2 quokkas
  6 ball pythons
  2 frilled lizards
  39 kobolds
  7 rats
573 creatures vanquished.

Vanquished Creatures (others)
  31 fungi
  71 plants
102 creatures vanquished.

Grand Total: 675 creatures vanquished

Notes
Turn   | Place    | Note
-------+----------+-------------------------------------------
     0 | D:1      | wakim the Vine Stalker Brigand began the quest for the Orb.
     0 | D:1      | Reached XP level 1. HP: 11/11 MP: 2/2
    34 | D:1      | Found a faded altar of an unknown god.
   133 | D:1      | Reached skill level 1 in Dodging
   137 | D:1      | Reached XP level 2. HP: 12/15 MP: 3/3
   616 | D:1      | Reached skill level 5 in Stealth
  1207 | D:2      | Reached XP level 3. HP: 18/18 MP: 2/4
  1711 | D:2      | Found Gimpump's Distillery.
  1917 | D:2      | Noticed Terence
  2234 | D:3      | Gained mutation: Your natural rate of healing is unusually
                  | fast. [Vine Stalker growth]
  2234 | D:3      | Reached XP level 4. HP: 23/23 MP: 5/5
  2410 | D:3      | Found a broken altar of Ashenzari.
  2675 | D:3      | Found a blossoming altar of Fedhas.
  2809 | D:3      | Reached skill level 1 in Shields
  2809 | D:3      | Reached XP level 5. HP: 26/26 MP: 6/6
  3117 | D:4      | Found a burning altar of Makhleb.
  3122 | D:4      | Found a staircase to the Ecumenical Temple.
  3130 | D:4      | Found Mevaemokk's Distillery.
  3136 | Temple   | Entered the Ecumenical Temple
  3152 | Temple   | Became a worshipper of Uskayaw the Reveller
  3244 | D:4      | Reached * piety under Uskayaw
  3248 | D:4      | Found a glowing drain.
  3255 | D:4      | Reached ** piety under Uskayaw
  3258 | Sewer    | Entered a sewer
  3262 | Sewer    | Reached XP level 6. HP: 32/32 MP: 7/7
  3288 | Sewer    | Noticed a water moccasin
  3295 | Sewer    | Killed a water moccasin
  3298 | Sewer    | Identified the +7 dagger "Fixzocy" {drain, Fly Str-3 Dex+4}
  3775 | D:5      | Entered Level 5 of the Dungeon
  3861 | D:5      | Reached XP level 7. HP: 35/35 MP: 8/8
  3888 | D:5      | Found an ancient bone altar of Kikubaaqudgha.
  3888 | D:5      | Found a sparkling altar of Nemelex Xobeh.
  3919 | D:5      | Reached *** piety under Uskayaw
  3922 | D:5      | Reached **** piety under Uskayaw
  3927 | D:5      | Reached ***** piety under Uskayaw
  3930 | D:5      | Reached skill level 6 in Stealth
  4062 | D:5      | Found Umeatenket's Magic Scroll Shop.
  4499 | D:6      | Found Gaem's Book Boutique.
  4514 | D:6      | Gained mutation: You have razor-sharp teeth. [Vine Stalker
                  | growth]
  4514 | D:6      | Reached XP level 8. HP: 23/40 MP: 5/9
  5299 | D:6      | Found an opulent altar of Gozag.
  5638 | D:6      | Reached skill level 5 in Short Blades
  5649 | D:6      | Found a basalt altar of Yredelemnul.
  5772 | D:7      | Noticed a wyvern
  5783 | D:7      | Killed a wyvern
  5784 | D:7      | Reached skill level 1 in Invocations
  5784 | D:7      | Reached XP level 9. HP: 27/45 MP: 7/11
  5968 | D:7      | Reached skill level 7 in Stealth
  6085 | D:7      | Noticed Harold
  6102 | D:7      | Killed Harold
  6103 | D:7      | Reached skill level 5 in Dodging
  6794 | D:7      | Found a radiant altar of Vehumet.
  6964 | D:8      | Found a snail-covered altar of Cheibriados.
  6965 | D:8      | Found an ornate altar of the Wu Jian Council.
  6982 | D:8      | Reached XP level 10. HP: 39/51 MP: 13/13
  7017 | D:8      | Noticed Maggie
  7020 | D:8      | Killed Maggie
  7242 | D:8      | Reached skill level 8 in Stealth
  7242 | D:8      | Noticed an eight-headed hydra
  7257 | D:8      | Killed an eight-headed hydra
  7257 | D:8      | Reached ****** piety under Uskayaw
  7258 | D:8      | Reached skill level 1 in Armour
  7258 | D:8      | Reached skill level 5 in Invocations
  7274 | D:8      | Reached skill level 5 in Fighting
  7290 | D:8      | Reached skill level 5 in Throwing
  7389 | D:8      | Noticed a two-headed ogre
  7398 | D:8      | Killed a two-headed ogre
  7511 | D:8      | Found a glowing golden altar of the Shining One.
  7565 | D:8      | Identified a scroll of acquirement
  7565 | D:8      | Acquired 1047 gold pieces
  7651 | D:8      | Reached XP level 11. HP: 55/55 MP: 16/16
  7957 | D:8      | Found a shimmering blue altar of Sif Muna.
  8125 | D:8      | Noticed a cyclops
  8146 | D:8      | Killed a cyclops
  8363 | D:9      | Noticed a two-headed ogre
  8376 | D:9      | Killed a two-headed ogre
  8502 | D:9      | Found a flagged portal.
  8638 | Bailey   | Entered a bailey
  8785 | Bailey   | Noticed an orc knight
  8788 | Bailey   | Killed an orc knight
  8825 | Bailey   | Reached skill level 9 in Stealth
  9170 | D:9      | Found a white marble altar of Elyvilon.
  9172 | D:9      | Noticed a two-headed ogre
  9189 | D:9      | Killed a two-headed ogre
  9632 | D:9      | Found a sacrificial altar of Ru.
  9703 | D:10     | Entered Level 10 of the Dungeon
  9713 | D:10     | Found a staircase to the Orcish Mines.
 10206 | D:10     | Noticed Snorg
 10217 | D:10     | Killed Snorg
 10566 | D:10     | Reached XP level 12. HP: 58/60 MP: 10/18
 10670 | D:10     | Found a hazy altar of Hepliaklqana.
 10849 | D:10     | Found a staircase to the Lair.
 11218 | Lair:1   | Entered Level 1 of the Lair of Beasts
 12380 | Lair:2   | Noticed an eight-headed hydra
 12457 | Lair:2   | Killed an eight-headed hydra
 12678 | Lair:2   | Reached skill level 10 in Stealth
 13288 | Lair:2   | Found a staircase to the Shoals.
 13453 | Lair:3   | Reached XP level 13. HP: 66/66 MP: 20/20
 13708 | Lair:3   | Found a dark tunnel.
 13724 | Volcano  | Entered a volcano
 13847 | Volcano  | Reached skill level 5 in Shields
 14134 | Lair:3   | Reached skill level 10 in Short Blades
 14910 | Lair:4   | Found a large runed translucent door.
 14910 | Lair:4   | Found a large runed translucent door.
 14915 | Lair:4   | Noticed Pomol's ghost (journeyman DDFi)
 15013 | Lair:4   | Reached skill level 11 in Stealth
 15232 | Lair:4   | Reached XP level 14. HP: 72/72 MP: 22/22
 15420 | Lair:4   | Noticed Sonja
 15428 | Lair:4   | Killed Sonja
 15468 | Lair:4   | Noticed Kirke
 15484 | Lair:4   | Killed Kirke
 15485 | Lair:4   | Reached skill level 5 in Armour
 15485 | Lair:4   | Reached skill level 10 in Invocations
 15652 | Lair:4   | Found a hole to the Spider Nest.
 15930 | Lair:4   | Killed Pomol's ghost
 17588 | Lair:6   | Entered Level 6 of the Lair of Beasts
 17871 | Lair:6   | Reached skill level 10 in Dodging
 17927 | Lair:6   | Reached skill level 12 in Stealth
 18358 | Lair:6   | Reached XP level 15. HP: 28/77 MP: 7/24
 18579 | Lair:6   | Found a runed translucent door.
 18585 | Lair:6   | Found the +2 robe of Vines {NoPotionHeal Regen+++}
 18731 | Lair:6   | Found a viscous altar of Jiyva.
 18732 | Lair:6   | Noticed an acid blob
 18733 | Lair:6   | Found a staircase to the Slime Pits.
 19328 | Lair:6   | Noticed an acid blob
 19685 | Orc:1    | Entered Level 1 of the Orcish Mines
 20075 | D:11     | Found a frozen archway.
 20097 | IceCv    | Entered an ice cave
 20107 | IceCv    | Annihilated by a death yak simulacrum

Illustrated notes

Levels and vault maps discovered:
D:1:      minmay_arrival_glassed_features, layout_basic, serial_glass,
          glass_columns_b, glass_columns_c, glass_columns_a, glass_columns_b,
          glass_columns_c, glass_columns_c, shapermc_ecumenical_altar_gd,
          minmay_domino_4
D:2:      layout_loops_ring, serial_shops, shop, uniq_terence
D:3:      layout_basic, lemuel_coloured_pillars_altar,
          ashenzari_conservatory_becter, serial_aquarium, aquarium_bridge_square
          [aquarium_subvault_bridge, aquarium_subvault_bridge,
          aquarium_subvault_bridge, aquarium_subvault_balcony],
          aquarium_window_corner, aquarium_window_corridor_1, aquarium_view_2c,
          serial_bayou_ford_a, minmay_misc_feat_x, minmay_snake_closets
D:4:      layout_basic, bloody_makhleb, minmay_temple_entry_large_hall,
          gup_sewer_entry_bubbles, serial_shops, nicolae_shop_waterfront,
          st_stairs_6
D:5:      layout_basic, grunt_temple_overflow_open, serial_shops,
          nicolae_shop_trees
D:6:      layout_layer_cave, mainiacjoe_overflow_tiny_flanked,
          lemuel_mausoleum_altar_yredelemnul, serial_shops, shop_fountains
D:7:      corexii_shack_village, layout_loops_corners,
          nicolae_vehumet_altar_sigil, minmay_strange_pillars,
          minmay_crystal_room, uniq_harold
D:8:      nzn_winding_woodlands_medium [nzn_winding_woodlands_5x5_cross,
          nzn_winding_woodlands_5x15_longhouse,
          nzn_winding_woodlands_5x5_open_star,
          nzn_winding_woodlands_5x5_closed_star,
          nzn_winding_woodlands_center_pierced_h,
          nzn_winding_woodlands_hourglass, nzn_winding_woodlands_5x5_three,
          nzn_winding_woodlands_5x15_eye, nzn_winding_woodlands_5x5_default],
          layout_cave_pods, tgw_sif, mainiacjoe_overflow_small_starburst,
          mainiacjoe_overflow_catwalk_spiral, minivault_22, uniq_maggie
D:9:      layout_loops_ring, mainiacjoe_overflow_24_doors, lemuel_crystal_altar,
          enter_bailey_8
D:10:     layout_layer_cave, nicolae_hepliaklqana_hazy_memory,
          minmay_lair_entry_grove, david_orc_5, uniq_snorg
D:11:     layout_basic, portal_ice_cave_demonic_guard
Temple:   corrupted_temple
Lair:1:   layout_cave_pods
Lair:2:   layout_cave_pods, minmay_shoals_entry_hut
Lair:3:   layout_loops_ring, nicolae_volcano_entry_batcave
Lair:4:   layout_long_grid, spider_nest_entry_web_field,
          ebering_ghost_disaster_area, serial_bayou_shore_b, grunt_megastairs_5,
          uniq_sonja, uniq_kirke
Lair:5:   regret_index_bee_streams, layout_layer_cave, st_stairs_4,
          serial_bayou_shore_b
Lair:6:   evilmike_catoblepas_cave, layout_concentric_octagons, slime_altar_2,
          hellmonk_guarded_unrand_vines, grunt_megastairs_4
Orc:1:    layout_diamond_mine, guppyfry_orc_lava_fort
IceCv:    ice_cave_small_necro

Skill      XL: |  1  2  3  4  5  6  7  8  9 10 11 12 13 14 15 |
---------------+----------------------------------------------+-----
Dodging        | 1 2 3 4 5 6 7 8 9 10 | 10.5
Short Blades   | 2 3 4 5 6 7 8 9 10 | 10.8
Stealth        | 5 6 7 8 9 10 11 12 | 12.7
Fighting       | 2 3 4 5 6 7 8 |  8.0
Throwing       | 2 3 4 5 6 7 8 |  8.2
Shields        | 1 2 3 4 5 6 |  6.7
Invocations    | 1 3 5 7 8 9 10 11 | 11.3
Armour         | 1 3 4 5 6 |  6.0

Action                   |  1- 3 |  4- 6 |  7- 9 | 10-12 | 13-15 || total
-------------------------+-------+-------+-------+-------+-------++-------
Melee: Dagger            |   129 |    81 |   206 |   454 |    21 ||   891
       Bite              |    31 |    17 |    70 |   170 |   449 ||   737
       Rapier            |       |       |       |    29 |   996 ||  1025
Throw: Boomerang         |       |       |       |     9 |    34 ||    43
Invok: Stomp             |       |       |     1 |    24 |    12 ||    37
       Line Pass         |       |       |     1 |     3 |    15 ||    19
Evoke: Wand              |       |       |     1 |     3 |     3 ||     7
  Use: Scroll            |     7 |     4 |     5 |     5 |     6 ||    27
       Potion            |       |       |     2 |       |     1 ||     3
 Stab: Sleeping          |    13 |    15 |    12 |    28 |    26 ||    94
       Paralysed         |       |       |    11 |    36 |    88 ||   135
       Distracted        |       |       |     1 |     1 |     2 ||     4
       Confused          |       |       |       |     1 |    12 ||    13
Armor: Robe              |    15 |       |       |       |     2 ||    17
       Leather armour    |    14 |    17 |    23 |       |       ||    54
       Acid dragon scale |       |       |       |    17 |       ||    17
       Ring mail         |       |       |       |    71 |   227 ||   298
Dodge: Dodged            |    54 |    29 |    85 |   227 |   462 ||   857
Block: Buckler           |       |     8 |    32 |   112 |   196 ||   348

Table legend: (Time is in decaauts)
 A = Elapsed time spent in this place.
 B = Non-inter-level travel time spent in this place.
 C = Inter-level travel time spent in this place.
 D = Time resting spent in this place.
 E = Time spent auto-exploring this place.
 F = Levels seen in this place.
 G = Mean time per level.
                   A        B        C        D        E       F      G
               +--------+--------+--------+--------+--------+-----+--------+
         Total |  19279 |  18416 |    863 |    155 |  13826 |  23 |  838.2 |
       Dungeon |  10899 |  10375 |    524 |     17 |   8208 |  11 |  990.8 |
        Temple |     32 |     32 |      0 |      0 |      0 |   1 |   32.0 |
          Lair |   7567 |   7235 |    332 |    138 |   5203 |   6 | 1261.2 |
  Orcish Mines |     54 |     48 |      6 |      0 |     36 |   1 |   54.0 |
         Sewer |     79 |     79 |      0 |      0 |     18 |   1 |   79.0 |
        Bailey |    358 |    358 |      0 |      0 |    188 |   1 |  358.0 |
      Ice Cave |      7 |      7 |      0 |      0 |      0 |   1 |    7.0 |
       Volcano |    278 |    278 |      0 |      0 |    173 |   1 |  278.0 |
               +--------+--------+--------+--------+--------+-----+--------+

Top non-repeatable levels by time:
  Lair:6: 1753 daAuts
    D:10: 1527 daAuts
  Lair:5: 1456 daAuts
     D:8: 1388 daAuts
     D:6: 1234 daAuts
     D:1: 1194 daAuts
  Lair:4: 1172 daAuts
  Lair:2: 1120 daAuts
     D:7: 1102 daAuts
  Lair:1: 1039 daAuts
  Lair:3: 1025 daAuts
     D:9: 1020 daAuts
     D:3: 972 daAuts
     D:2: 829 daAuts
     D:5: 686 daAuts
